 Dungeon Crawl Stone Soup version 0.28-a0-1567-g1695149f81 (webtiles) character file.

Game seed: 7328619303952991002

217 issech the Cudgeller (level 5, -5/51 (53) HPs)
             Began as a Troll Fighter on Jan 20, 2022.
             Slain by an ogre (18 damage)
             ... on level 5 of the Dungeon.
             The game lasted 00:10:01 (2514 turns).

issech the Cudgeller (Troll Fighter)                Turns: 2514, Time: 00:10:03

HP:   -5/51 (53)    AC:  5    Str: 24    XL:     5   Next: 61%
MP:   4/4           EV:  9    Int:  4    God:
Gold: 151           SH:  9    Dex: 11    Spells: 4/4 levels left

rFire   . . .      SeeInvis .   l - +0 whip (elec)
rCold   . . .      Faith    .   c - +1 kite shield
rNeg    . . .      Spirit   .   b - +0 robe
rPois   .          Reflect  .   (helmet restricted)
rElec   .          Harm     .   m - +0 cloak
rCorr   .          Rampage  .   (gloves unavailable)
Will    .....                   (boots unavailable)
Stlth   +.........              (no amulet)
HPRegen 0.97/turn               (no ring)
MPRegen 0.09/turn               (no ring)

@: lethally poisoned (-5 -> -6), lightly drained
A: large, unfitting armour, claws 3, regeneration 1, shaggy fur 1, tough skin 1
a: no special abilities


You were on level 5 of the Dungeon.
You visited 1 branch of the dungeon, and saw 6 of its levels.

You collected 151 gold pieces.

Inventory:

Hand Weapons
 a - a +0 flail
 g - a +0 short sword of speed
 l - a +0 whip of electrocution (weapon)
Missiles
 e - 67 stones
 i - 9 boomerangs (quivered)
Armour
 b - a +0 robe (worn)
 c - a +1 kite shield (worn)
 m - a +0 cloak (worn)
 p - an orb of light
Jewellery
 j - a ring of see invisible
 k - a ring of fire
 u - an amulet of the acrobat
Wands
 s - a wand of mindburst (20)
 w - a wand of paralysis (8)
Scrolls
 h - a scroll of fear {unknown}
 v - a scroll of identify
 x - a scroll of fog {unknown}
Potions
 d - a potion of might
 f - a potion of heal wounds
 n - 4 potions of curing {unknown}
 o - a potion of haste {unknown}
 q - 2 potions of mutation {unknown}
 r - 2 potions of flight
 t - a potion of degeneration {unknown}


   Skills:
 + Level 3.0 Fighting
 + Level 3.3 Maces & Flails
 + Level 3.2 Dodging
 + Level 0.4 Stealth
 + Level 3.3 Shields


You had 4 spell levels left.
You didn't know any spells.
Your spell library was empty.

Dungeon Overview and Level Annotations

Branches:
Dungeon (6/15)
 Temple: D:4-7

Altars:

Shops:
D:2 =   D:3 =

Annotations:
D:6 Edmund


Innate Abilities, Weirdness & Mutations

You are too large for most types of armour.
You have claws for hands.
Your natural rate of healing is unusually fast.
You are covered in fur. (AC +1)
You have tough skin. (AC +1)


Message History

Reactivating autopickup.
There is a stone staircase leading down here.
You block the adder's attack. The adder bites you but does no damage.
The adder barely misses you. The adder barely misses you.
The adder bites you but does no damage. You block the adder's attack.
The adder closely misses you. The adder bites you but does no damage.
The adder barely misses you.
An ogre comes into view. It is wielding a +0 giant club.
The adder bites you but does no damage.
You hit the adder but do no damage.
The ogre shouts!
The adder barely misses you. The adder bites you but does no damage.
You closely miss the adder. You whack the adder!
The adder is severely wounded.
The adder barely misses you. x2; You block the adder's attack.
You miss the adder.
The adder is severely wounded.
You block the adder's attack. x2
You barely miss the ogre. You block the adder's attack. x2
The ogre hits you with a +0 giant club!!
The adder bites you.
You are poisoned.
The adder poisons you!
You hit the ogre.
The ogre is lightly wounded.
You feel sick. You block the adder's attack. The adder bites you.
The ogre barely misses you. The adder bites you but does no damage.
You hit the ogre. Lightning courses through the ogre!
The ogre is severely wounded.
You feel sick. The adder bites you. The adder barely misses you.
The ogre barely misses you.
You whack the ogre!
The ogre is almost dead.
You feel sick. The adder barely misses you. The adder bites you.
* * * LOW HITPOINT WARNING * * *
You block the adder's attack. x2
The ogre hits you with a +0 giant club!!
You die...

###+ ############
#...........
#...>.......
######...........
#.@S.............
#OS##............
#................
#..##.#.##.###.##
#..##.#.# .# .#
#..##.... .. .
#..##.#.#. .
#.....#....


You could see an ogre and 2 adders.

Vanquished Creatures
  Ijyb (D:3)
  Natasha (thrice) (D:2)
  5 adders
  A worm (D:3)
  4 dart slugs
  3 orcs (D:3)
  5 bats
  4 endoplasms
  2 giant cockroaches (D:1)
  5 goblins
  3 hobgoblins
  3 quokkas
  5 ball pythons
  3 frilled lizards (D:1)
  8 kobolds
  3 rats (D:2)
58 creatures vanquished.

Vanquished Creatures (others)
  9 fungi (D:1)
  6 plants
15 creatures vanquished.

Grand Total: 73 creatures vanquished

Notes
Turn   | Place    | Note
-------+----------+-------------------------------------------
     0 | D:1      | issech the Troll Fighter began the quest for the Orb.
     0 | D:1      | Reached XP level 1. HP: 22/22 MP: 0/0
   228 | D:1      | Reached XP level 2. HP: 29/29 MP: 1/1
   253 | D:1      | Found a faded altar of an unknown god.
   910 | D:2      | Noticed Natasha
   912 | D:2      | Noticed a crimson imp
   929 | D:2      | Noticed a crimson imp
   929 | D:2      | Killed Natasha
   930 | D:2      | Reached XP level 3. HP: 4/36 MP: 2/2
  1008 | D:2      | Found Efaafex's Jewellery Emporium.
  1034 | D:2      | Noticed Natasha
  1056 | D:2      | Killed Natasha
  1057 | D:2      | Reached XP level 4. HP: 42/44 MP: 3/3
  1090 | D:2      | Noticed Natasha
  1101 | D:2      | Killed Natasha
  1408 | D:3      | Found Ryppuv's Jewellery Boutique.
  1511 | D:3      | Reached XP level 5. HP: 52/52 MP: 4/4
  1919 | D:3      | Noticed Ijyb
  1930 | D:3      | Killed Ijyb
  2391 | D:4      | You fall into a shaft and drop 1 floor!
  2391 | D:5      | Entered Level 5 of the Dungeon
  2424 | D:5      | Noticed an acid dragon
  2429 | D:5      | Noticed a necrophage
  2477 | D:6      | Noticed an ice beast
  2484 | D:6      | Noticed Edmund
  2505 | D:5      | Noticed an ogre
  2514 | D:5      | Slain by an ogre

Illustrated notes

Levels and vault maps discovered:
D:1:      dpeg_arrival_arbitrary_a, layout_basic,
          dreamdust_ecumenical_altar_grove, hangedman_decor_lopped,
          chequers_avenue
D:2:      layout_rooms, serial_shops, shop, uniq_natasha
D:3:      corexii_shack_village, layout_basic, serial_shops, nicolae_shop_trees,
          hangedman_decor_opposing, uniq_ijyb
D:4:      layout_basic, minmay_temple_entry_drinking_statues, serial_glass,
          glass_columns_a, glass_columns_a
D:5:      layout_gridville, overflow_temple_1_default, minmay_diced_spiral
D:6:      layout_rooms, gammafunk_ghost_split, uniq_edmund, uniq_prince_ribbit1

Skill      XL: |  1  2  3  4  5 |
---------------+----------------+-----
Maces & Flails | 2 3 |  3.3
Dodging        | 3 |  3.2
Shields        | 3 |  3.3
Fighting       | 3 |  3.0
Stealth        | |  0.4

Action                   |  1- 3 |  4- 6 || total
-------------------------+-------+-------++-------
Melee: Flail             |   113 |       ||   113
       Whip              |    15 |   131 ||   146
  Use: Scroll            |     1 |     2 ||     3
 Stab: Sleeping          |     1 |       ||     1
Armor: Robe              |    46 |    50 ||    96
Dodge: Dodged            |    45 |    53 ||    98
Block: Kite shield       |    41 |    70 ||   111

Table legend: (Time is in decaauts)
 A = Elapsed time spent in this place.
 B = Non-inter-level travel time spent in this place.
 C = Inter-level travel time spent in this place.
 D = Time resting spent in this place.
 E = Time spent auto-exploring this place.
 F = Levels seen in this place.
 G = Mean time per level.
                   A        B        C        D        E       F      G
               +--------+--------+--------+--------+--------+-----+--------+
         Total |   2575 |   2534 |     41 |     24 |   1302 |   6 |  429.2 |
       Dungeon |   2575 |   2534 |     41 |     24 |   1302 |   6 |  429.2 |
               +--------+--------+--------+--------+--------+-----+--------+

Top non-repeatable levels by time:
     D:3: 1014 daAuts
     D:1: 911 daAuts
     D:2: 507 daAuts
     D:5: 96 daAuts
     D:6: 26 daAuts
     D:4: 17 daAuts
